AoeStats
← iAlejandrouae

Socotra

506606994Analyzed
4v4 RM · 18d ago on Sep 14, 2026· 28m 35s· 8 players
Game mode
Random Map
Map size
148×148
Population
200
Speed
Normal
Resources
Standard
Victory
Conquest
Starting age
Dark Age
Ending age
Imperial Age
RankedLock teamsTeams togetherTeam positionsShared explorationLock speedFull tech treeHidden civsTurbo modeCheats
Victory
Defeat
🇩🇪 Georgians · Germany
1543
+14
🇷🇺 Dravidians · Russia
1482
+17
1444
+18
🇹🇼 Wei · Taiwan
1415
+19
🇦🇷 Mapuche · Argentina
1587
-20
🇹🇼 Huns · Taiwan
1511
-18
🇹🇼 Khmer · Taiwan
1483
-17
🇦🇺 Spanish · Australia
1407
-13
偷偷
6:24 Loom
11:42 Feudal Age
12:59 Double-Bit Axe
12:58 Horse Collar
18:26 Fletching
23:30 Castle Age
22:36 Gold Mining
22:52 Stone Mining
23:34 Padded Archer Armor
24:26 Bow Saw
24:12 Bodkin Arrow
24:49 Bloodlines
24:41 Husbandry
26:34 Leather Archer Armor
kot paravoz
0:26 Loom
9:16 Feudal Age
10:35 Double-Bit Axe
11:19 Town Watch
13:35 Fletching
18:34 Wheelbarrow
18:29 Horse Collar
23:40 Castle Age
23:04 Padded Archer Armor
22:58 Gold Mining
24:35 Bodkin Arrow
24:24 Crossbowman
26:40 Bow Saw
你可以打我队友吗
6:04 Loom
8:46 Feudal Age
9:26 Double-Bit Axe
11:14 Domestication
15:07 Scale Barding Armor
16:21 Forging
17:17 Gold Mining
22:50 Castle Age
23:01 Light Cavalry
23:42 Husbandry
24:04 Chain Barding Armor
24:07 Husbandry
23:29 Light Cavalry
23:40 Light Cavalry
Welldone
2:37 Loom
11:19 Feudal Age
12:24 Man-at-Arms
13:45 Horse Collar
20:38 Double-Bit Axe
21:51 Gold Mining
26:15 Castle Age
27:17 Heavy Plow
26:41 Pikeman
27:40 Bow Saw
28:12 Padded Archer Armor
28:02 Fletching
iAlejandrouae
0:42 Loom
13:34 Feudal Age
19:07 Castle Age
17:11 Double-Bit Axe
17:34 Horse Collar
19:14 Crossbowman
21:31 Fletching
22:38 Bodkin Arrow
25:02 Wheelbarrow
25:28 Padded Archer Armor
26:32 Leather Archer Armor
27:47 Bow Saw
27:38 Heavy Plow
29:00 Ballistics
Evlstn
6:33 Loom
8:29 Feudal Age
9:51 Double-Bit Axe
13:37 Fletching
16:05 Padded Archer Armor
17:50 Wheelbarrow
17:27 Horse Collar
23:47 Castle Age
25:12 Crossbowman
hungyh
6:33 Loom
9:16 Feudal Age
9:47 Double-Bit Axe
10:19 Horse Collar
18:26 Scale Barding Armor
19:03 Forging
22:11 Bloodlines
25:54 Castle Age
24:42 Gold Mining
27:11 Chain Barding Armor
27:57 Iron Casting
Damir
10:20 Feudal Age
11:03 Double-Bit Axe
15:28 Forging
20:57 Castle Age
19:57 Bloodlines
20:41 Fletching
20:52 Padded Archer Armor
21:07 Loom
23:20 Bodkin Arrow
23:40 Leather Archer Armor
25:16 Elite Skirmisher
Connection lost

Rejoining the realm…

Still unreachable

The connection could not be restored.

Session expired

The server has moved on; the page needs a fresh start.